 Dungeon Sprint DCSS version 0.20.1-1-g8b1a95d (webtiles) character file.

966 KingStallion the Basher (level 8, -3/60 HPs)
             Began as a Gargoyle Berserker on Nov 7, 2017.
             Was an Elder of Trog.
             Slain by a crocodile (12 damage)
             ... in the Dungeon (Sprint II: "The Violet Keep of Menkaure").
             The game lasted 00:03:58 (316 turns).

KingStallion the Basher (Gargoyle Berserker)         Turns: 316, Time: 00:03:58

Health: -3/60      AC: 10    Str: 24    XL:     8   Next: 15%
Magic:  8/8        EV: 13    Int:  7    God:    Trog [****..]
Gold:   499        SH:  0    Dex:  9    Spells: 7/7 levels left

rFire    . . .     SeeInvis .   a - +0 mace
rCold    . . .     Gourm    .   (no shield)
rNeg     + . .     Faith    .   b - +0 animal skin
rPois    ∞         Spirit   .   (no helmet)
rElec    +         Reflect  .   (no cloak)
rCorr    .         Harm     .   (no gloves)
MR       .....     NoTele   +   l - +1 pair of boots
Stlth    +++.......             (no amulet)
Regen    0.2/turn               (no ring)
MPRegen  0.2/turn               (no ring)

@: berserk cooldown, slowed, very slow
A: negative energy resistance 1, electricity resistance, unbreathing,
petrification resistance, rot immunity, AC +5
a: Berserk, Trog's Hand, Brothers in Arms, Burn Spellbooks, Renounce Religion


You were in the Dungeon.
You worshipped Trog.
Trog was greatly pleased with you.
You were not hungry.

You visited 1 branch You collected 729 gold pieces.
You spent 230 gold pieces at shops.

Inventory:

Hand Weapons
 a - a +0 mace (weapon)
Armour
 b - a +0 animal skin (worn)
 l - a +1 pair of boots (worn)
Scrolls
 i - a scroll of blinking
Potions
 d - a potion of curing
 e - a potion of heal wounds
 f - a potion of haste
 g - 2 potions of magic
 h - a potion of berserk rage
Comestibles
 k - 3 fruits


   Skills:
 * Level 11.3 Fighting
 * Level 11.3 Maces & Flails
 * Level 6.2 Armour
 + Level 3.7 Dodging
 * Level 6.7 Stealth


You had 7 spell levels left.
You didn't know any spells.

Dungeon Overview and Level Annotations

Branches:
Dungeon (1/1)

Altars:
Cheibriados
Dithmenos
Elyvilon
Fedhas
Gozag
Hepliaklqana
Kikubaaqudgha
Makhleb
Nemelex Xobeh
Okawaru
Ru
Sif Muna
Trog
Uskayaw
Vehumet
Xom
Yredelemnul
Zin
The Shining One
Beogh
Jiyva
Lugonu

Shops:
D ?*:(*%:[[=?}*!!=

Annotations:
D exclusion: oklob plant


Innate Abilities, Weirdness & Mutations

You are resistant to torment.
Your stone body is resilient. (AC +5)
You are immune to poison.
You resist negative energy. (rN+)
You are resistant to electric shocks. (rElec)
You can survive without breathing.
You are immune to petrification.
You are immune to rotting.


Message History

You are exhausted.
You feel yourself slow down.
A crocodile is nearby!
A crocodile is nearby!
Okay, then.
Your skin stops crawling.
You feel less resistant to hostile enchantments.
Really walk into a travel-excluded area?
A polar bear, a hornet and a yaktaur come into view.
The crocodile bites you but does no damage.
The crocodile bites you!
* * * LOW HITPOINT WARNING * * *
Found 81 gold pieces.
You open the door.
The yaktaur shouts!
The polar bear growls angrily.
The crocodile bites you but does no damage.
The yaktaur moves out of view.
A polar bear comes into view.
The hornet moves out of view.
The crocodile bites you!
You die...

...##.#### +.### §▓??)(??[$▓▓
.#).# ...# ...# ##▓$?$[%$)?▓▓
...####..## #..# $#▓($)[)??$▓▓
#'###.##..# +..# .#▓?$!!)!(!▓▓
#.##...#..# #..# c#▓?%%$)))[▓▓
.<.†.##'..####..##h#▓(([([)[$▓▓
#.##...#.§..###^.h##▓▓▓▓▓▓▓+▓▓▓▓
#+###.##§..§.§≈≈≈t≈≈≈≈≈≈≈≈≈...Xw
.#. ###≈≈...§.≈#@########§###.≈w
w w.#≈≈≈≈§§§%.≈#_._.....#≈≈≈# .
$##≈≈≈≈≈≈§≈§≈#._._....#≈§§≈# #
##≈≈≈≈≈≈§§§≈≈#_._._...#§§≈≈§#
≈≈≈≈≈≈§§§§§≈≈#._._._..#≈§§≈§§
+++#≈≈≈≈≈≈≈≈≈#_._._._.#§§§§§§+
##≈§§###≈≈#._._._._#≈§§§§t# ##§≈
#≈≈#.._._._. +≈≈ §≈#._..


You could see 2 polar bears, a yaktaur and a crocodile.

Vanquished Creatures
  A merfolk siren (D)
  Menkaure (D)
  4 necrophages (D)
  A crocodile (D)
  4 worker ants (D)
11 creatures vanquished.

Vanquished Creatures (others)
  A crocodile (D)
  4 tentacles (D)
5 creatures vanquished.

Grand Total: 16 creatures vanquished

Notes
Turn   | Place    | Note
-------+----------+-------------------------------------------
     0 | D        | KingStallion the Gargoyle Berserker began the quest for the Orb.
     0 | D        | Reached XP level 1. HP: 14/14 MP: 1/1
     1 | D        | Noticed a worker ant
     1 | D        | Noticed a worker ant
     1 | D        | Noticed a worker ant
     1 | D        | Noticed a worker ant
    10 | D        | Killed a worker ant
    10 | D        | Reached XP level 2. HP: 19/20 MP: 2/2
    10 | D        | Reached XP level 3. HP: 23/25 MP: 3/3
    13 | D        | Reached skill level 5 in Fighting
    13 | D        | Reached skill level 5 in Maces & Flails
    15 | D        | Reached ** piety under Trog
    15 | D        | Reached XP level 4. HP: 28/32 MP: 4/4
   125 | D        | Found Bairhe's Jewellery Emporium.
   125 | D        | Found Zuegis's Gadget Emporium.
   125 | D        | Found Aliekhemu's Distillery.
   125 | D        | Found Kianown's Antique Armour Shoppe.
   125 | D        | Found Wesy's Magic Scroll Shoppe.
   126 | D        | Found Jolisesa's Antique Armour Shoppe.
   126 | D        | Found Kibun's Jewellery Emporium.
   126 | D        | Found Jeehyuwn's General Store.
   126 | D        | Found Hineeg Fiod's Distillery.
   127 | D        | Found Syuc's Book Shoppe.
   127 | D        | Found Erritet's Food Emporium.
   127 | D        | Noticed a spiny frog
   129 | D        | Found Umeomn's General Store.
   129 | D        | Found Asahofaafo's Antique Weapon Shoppe.
   129 | D        | Noticed Menkaure
   129 | D        | Noticed a spiny frog
   129 | D        | Noticed an oklob plant
   129 | D        | Killed a crocodile
   130 | D        | Found Yfawil's General Store.
   130 | D        | Found Dazubuac's Magic Scroll Emporium.
   130 | D        | Found Zeicvaoh's Book Shoppe.
   130 | D        | Noticed a death yak
   142 | D        | Killed Menkaure
   142 | D        | Reached XP level 5. HP: 39/39 MP: 5/5
   152 | D        | Noticed a great orb of eyes
   174 | D        | Bought 3 fruits for 58 gold pieces
   176 | D        | Bought a pair of embroidered boots for 172 gold pieces
   195 | D        | Noticed a tyrant leech
   195 | D        | Noticed a tyrant leech
   199 | D        | Noticed a necrophage
   199 | D        | Noticed a necrophage
   199 | D        | Noticed a necrophage
   199 | D        | Noticed a necrophage
   203 | D        | Killed a necrophage
   203 | D        | Reached *** piety under Trog
   203 | D        | Reached XP level 6. HP: 45/45 MP: 6/6
   205 | D        | Killed a necrophage
   205 | D        | Reached skill level 5 in Armour
   205 | D        | Reached skill level 5 in Stealth
   207 | D        | Killed a necrophage
   207 | D        | Reached skill level 10 in Fighting
   207 | D        | Reached XP level 7. HP: 52/52 MP: 7/7
   214 | D        | Reached skill level 10 in Maces & Flails
   248 | D        | Noticed a merfolk siren
   258 | D        | Killed a merfolk siren
   258 | D        | Reached **** piety under Trog
   258 | D        | Reached XP level 8. HP: 54/60 MP: 8/8
   276 | D        | Found an iron altar of Okawaru.
   276 | D        | Found a radiant altar of Vehumet.
   276 | D        | Found a glowing silver altar of Zin.
   277 | D        | Found a sparkling altar of Nemelex Xobeh.
   277 | D        | Found a hide-covered altar of Uskayaw.
   277 | D        | Found a basalt altar of Yredelemnul.
   278 | D        | Found an opulent altar of Gozag.
   278 | D        | Found a burning altar of Makhleb.
   278 | D        | Found a bloodstained altar of Trog.
   278 | D        | Found a shimmering altar of Xom.
   279 | D        | Found a blossoming altar of Fedhas.
   279 | D        | Found a corrupted altar of Lugonu.
   279 | D        | Found a deep blue altar of Sif Muna.
   279 | D        | Found a glowing golden altar of the Shining One.
   281 | D        | Found a white marble altar of Elyvilon.
   281 | D        | Found an ancient bone altar of Kikubaaqudgha.
   281 | D        | Found a sacrificial altar of Ru.
   282 | D        | Found a shadowy altar of Dithmenos.
   282 | D        | Found a viscous altar of Jiyva.
   283 | D        | Found a snail-covered altar of Cheibriados.
   284 | D        | Found a roughly hewn altar of Beogh.
   292 | D        | Noticed a kraken
   314 | D        | Noticed a yaktaur
   314 | D        | Noticed a hornet
   314 | D        | Noticed a polar bear
   316 | D        | Noticed a polar bear
   316 | D        | Found a hazy altar of Hepliaklqana.
   316 | D        | Slain by a crocodile

Skill      XL: |  1  2  3  4  5  6  7 |
---------------+----------------------+-----
Fighting       | 4 6 8 10 11 | 11.3
Maces & Flails | 4 5 7 8 9 11 | 11.3
Armour         | 3 4 5 6 |  6.2
Dodging        | 2 3 |  3.7
Stealth        | 2 3 4 5 6 |  6.7

Action                   |  1- 3 |  4- 6 |  7- 9 || total
-------------------------+-------+-------+-------++-------
Melee: Mace              |    13 |    11 |    22 ||    46
Invok: Berserk           |     1 |     2 |     1 ||     4
       Trog's Hand       |       |     1 |     2 ||     3
 Stab: Sleeping          |       |       |     1 ||     1
  Eat: Chunk             |       |       |     1 ||     1
       Bread ration      |       |       |     1 ||     1
Armor: Animal skin       |     3 |     1 |     6 ||    10
Dodge: Dodged            |     5 |     2 |     7 ||    14
